 Dungeon Crawl Stone Soup version 0.26.1-11-gd32895ea62 (webtiles) character file.

Game seed: 16610199218913479282

55 adizb the Grave Robber (level 3, -2/24 HPs)
             Began as a Demonspawn Necromancer on June 26, 2021.
             Slain by a worm (8 damage)
             ... on level 2 of the Dungeon.
             The game lasted 00:17:47 (1726 turns).

adizb the Grave Robber (Demonspawn Necromancer)     Turns: 1726, Time: 00:17:47

Health: -2/24      AC:  5    Str:  8    XL:     3   Next: 67%
Magic:  0/6        EV: 12    Int: 17    God:
Gold:   132        SH:  0    Dex: 13    Spells: 4/6 levels left

rFire    . . .     SeeInvis .   k - +0 dagger
rCold    . . .     Faith    .   (no shield)
rNeg     . . .     Spirit   .   a - +0 robe
rPois    .         Reflect  .   (no helmet)
rElec    .         Harm     .   (no cloak)
rCorr    .         Rampage  .   i - +2 pair of gloves
Will     .....                  (no boots)
Stlth    ++........             (no amulet)
HPRegen  0.08/turn              (no ring)
MPRegen  0.10/turn              (no ring)

@: no status effects
A: powered by death 1
a: no special abilities


You were on level 2 of the Dungeon.
You visited 1 branch of the dungeon, and saw 2 of its levels.

You collected 132 gold pieces.

Inventory:

Hand Weapons
 k - a +0 dagger (weapon)
Armour
 a - a +0 robe (worn)
 i - a +2 pair of gloves (worn)
Scrolls
 d - 3 scrolls of identify {unknown}
 e - 2 scrolls of amnesia
 g - 2 scrolls of teleportation {unknown}
 h - a scroll of enchant weapon {unknown}
Potions
 b - a potion of magic {unknown}
 c - 2 potions of degeneration {unknown}
 f - 2 potions of resistance {unknown}
 j - a potion of flight {unknown}


   Skills:
 + Level 2.1 Dodging
 + Level 2.2 Stealth
 + Level 2.4 Spellcasting
 * Level 5.2 Necromancy


You had 4 spell levels left.
You knew the following spells:

 Your Spells              Type           Power        Failure   Level
a - Pain                  Necr           76%          2%          1
b - Animate Skeleton      Necr           38%          2%          1

Your spell library contained the following spells:

 Spells                   Type           Power        Failure   Level
 Vampiric Draining        Necr           9%           7%          3
 Animate Dead             Necr           9%           22%         4
 Agony                    Necr           19%          52%         5


Dungeon Overview and Level Annotations

Branches:
Dungeon (2/15)

Altars:


Innate Abilities, Weirdness & Mutations

You regenerate a little health from kills.


Message History

The dead are walking!
The worm misses you.
Aiming: Pain (safe; 2% risk of failure)
Press: ? - help, Q - select action, (/) - cycle Shift-Dir - straight line, f/p - worm
Aim: a worm (moderately wounded, chance to affect: 84%)
The worm barely resists.
Aiming: Pain (safe; 2% risk of failure)
Press: ? - help, Q - select action, (/) - cycle Shift-Dir - straight line, f/p - worm
Aim: a worm (moderately wounded, chance to affect: 84%)
The worm writhes in agony.
The worm barely misses you.
Aiming: Pain (safe; 2% risk of failure)
Press: ? - help, Q - select action, (/) - cycle Shift-Dir - straight line, f/p - worm
Aim: a worm (heavily wounded, chance to affect: 84%)
The worm writhes in agony.
Your goblin skeleton hits the worm.
You are too injured to fight recklessly!
You hit the worm but do no damage.
The worm is almost dead.
Your goblin skeleton hits the worm.
The worm bites you!
You die...

#### #.# ... ...# #.#
#.####.#####.#
..........##.#
#.#.##.##.##.#########
#.#.##.##............#
#.#.#................#
#.#.#..##.##.######..###
#)#....@w..#.# #.....
##.####....)..Z....#
##.#.. ..
............#†#.####
#.#.. ##
##.######.###.#.# ##....
#.[..##.#########.##..
#.#####...............
#.# ###########..### #.#
#..# # #.# #..#


You could see a worm and a friendly goblin skeleton.

Vanquished Creatures
  2 adders (D:2)
  A worm (D:2)
  3 leopard geckos (D:1)
  4 bats
  A giant cockroach (D:1)
  7 goblins
  5 hobgoblins
  2 quokkas (D:2)
  A ball python (D:1)
  3 frilled lizards
  3 kobolds
  2 rats (D:2)
34 creatures vanquished.

Notes
Turn   | Place    | Note
-------+----------+-------------------------------------------
     0 | D:1      | adizb the Demonspawn Necromancer began the quest for the
                  | Orb.
     0 | D:1      | Reached XP level 1. HP: 13/13 MP: 3/3
   546 | D:1      | Gained mutation: You regenerate a little health from kills.
                  | [demonic ancestry]
   546 | D:1      | Reached XP level 2. HP: 18/19 MP: 3/5
   816 | D:1      | Learned a level 1 spell: Animate Skeleton
  1214 | D:2      | Found a faded altar of an unknown god.
  1296 | D:2      | Reached skill level 5 in Necromancy
  1296 | D:2      | Reached XP level 3. HP: 23/24 MP: 2/6
  1726 | D:2      | Slain by a worm

Illustrated notes

Levels and vault maps discovered:
D:1:      lordsloth_arrival_two_stooges, layout_basic, serial_glass,
          glass_columns_a, glass_columns_a, minmay_door_square
D:2:      layout_loops_ring, chequers_ecumenical_altar_island,
          kennysheep_generic_room_14

Skill      XL: |  1  2 |
---------------+-------+-----
Stealth        | 2 |  2.2
Dodging        | 2 |  2.1
Necromancy     | 5 |  5.2
Spellcasting   | |  2.4

Action                   || total
-------------------------++-------
Melee: Unarmed           ||     2
       Dagger            ||     8
 Cast: Pain              ||    79
       Animate Skeleton  ||     5
  Use: Scroll            ||     1
Armor: Robe              ||     2
Dodge: Dodged            ||    13
